 Dungeon Crawl Stone Soup version 0.31-a0-1467-g53b6572822 (webtiles) character file.

Game seed: 15762825090096489012

849 snailfarmer the Changeling (level 8, -11/52 (54) HPs)
             Began as an Octopode Shapeshifter on Dec 28, 2023.
             Was an Initiate of Gozag.
             Mangled by a sleepcap (22 damage)
             ... on level 6 of the Dungeon.
             The game lasted 00:11:37 (6684 turns).

snailfarmer the Changeling (Octopode Shapeshifter)  Turns: 6684, Time: 00:11:38

HP:   -11/52 (54)   AC:  1    Str: 13    XL:     8   Next: 1%
MP:   8/8           EV:  2    Int: 18    God:    Gozag
Gold: 167           SH:  0    Dex: 14    Spells: 7/7 levels left

rFire   . . .        o - +2 dagger (drain)
rCold   . . .        (no shield)
rNeg    . . .        (helmet currently unavailable)
rPois   .            (no amulet)
rElec   .            f - ring of see invisible
rCorr   .            s - +6 ring of intelligence
SInv    +            (no ring)
Will    .....        (no ring)
Stlth   ++++         (no ring)
HPRegen 0.28/turn    (no ring)
MPRegen 0.11/turn    (no ring)
                     (no ring)

%: no passive effects
@: beast-form, sleeping, lightly drained
A: beast (slay +4), almost no armour, amphibious, 8 rings, camouflage 1,
gelatinous body 1, (nimble swimmer 1), tentacles
a: Begin Untransformation, Renounce Religion, Potion Petition, Call Merchant,
Bribe Branch


You were on level 6 of the Dungeon.
You worshipped Gozag.
Gozag was aware of your devotion.
You were a hulking beast.
You visited 2 branches of the dungeon, and saw 7 of its levels.

You collected 244 gold pieces.
You paid 77 gold pieces to Gozag.

Inventory:

Hand Weapons
 h - a +0 dagger of venom
 l - a +0 dagger of venom
 o - a +2 dagger of draining (weapon)
Missiles
 e - 87 stones
 k - 6 javelins
Jewellery
 f - a ring of see invisible (left tentacle)
 g - a ring of magical power
 q - a ring of resist corrosion
 s - a +6 ring of intelligence (right tentacle)
Talismans
 b - a beast talisman
 c - a flux talisman
Scrolls
 i - 2 scrolls of fog
 p - 2 scrolls of revelation
Potions
 a - 7 potions of lignification
 j - a potion of curing {unknown}
 m - a potion of cancellation {unknown}
 n - 2 potions of enlightenment {unknown}


   Skills:
 + Level 3.9 Fighting
 - Level 2.0 Dodging
 - Level 5.0 Stealth
 - Level 3.0 Unarmed Combat
 - Level 7.0 Shapeshifting


You had 7 spell levels left.
You didn't know any spells.
Your spell library contained the following spells:

 Spells                   Type           Power      Damage    Failure   Level
 Apportation              Tloc           0%         N/A       22%         1
 Shock                    Conj/Air       0%         1d3       22%         1
 Jinxbite                 Hex            0%         N/A       32%         2
 Gell's Gravitas          Tloc           0%         N/A       54%         3
 Swiftness                Air            0%         N/A       54%         3
 Teleport Other           Tloc           0%         N/A       54%         3
 Airstrike                Air            0%         2d(0-16)  91%         4
 Brom's Barrelling Bould  Conj/Erth      0%         2d3       91%         4
 Alistair's Intoxication  Alch           0%         N/A       99%         5
 Fireball                 Conj/Fire      0%         3d3       99%         5
 Iskenderun's Battlesphe  Conj           0%         2d6       99%         5
 Conjure Ball Lightning   Conj/Air       0%         3x3d6     100%        6
 Dispersal                Tloc           0%         N/A       100%        6
 Orb of Destruction       Conj           0%         9d5       100%        7


Dungeon Overview and Level Annotations

Branches:
Dungeon (6/15)             Temple (1/1) D:5

Altars:
Ashenzari
Dithmenos
Fedhas
Gozag
Hepliaklqana
Nemelex Xobeh
Okawaru
Qazlal
Ru
Sif Muna
Trog
Uskayaw
Vehumet
Wu Jian
Yredelemnul
Zin
The Shining One

Shops:
D:4 [


Innate Abilities, Weirdness & Mutations

You are a hulking beast.
Your limbs bulge with bestial killing power. (Slay +4)
You cannot wear most types of armour.
You are amphibious.
You can wear up to eight rings at the same time.
Your skin changes colour to match your surroundings (Stealth+).
Your rubbery body absorbs attacks. (AC +1, EV +1)
((You are camouflaged when in or above water. (Stealth+)))
You have tentacles for arms and can constrict up to eight enemies at once.


Message History

The orc wizard gestures at you while chanting.
The magic dart hits you.
An adder comes into view.
The orc priest invokes the aid of Beogh against something.
The orc priest writhes in agony!
The orc wizard gestures at the orc warrior while chanting.
The orc priest calls upon Beogh to heal the orc priest.
The orc priest is healed somewhat.
The orc shouts!
The orc wizard shouts!
The orc shouts!
The adder hisses angrily.
You open the door. The adder barely misses you.
There is an open door here.
Found 9 gold pieces.
You flicker for a moment.
The adder hisses angrily.
The adder completely misses you.
You open the door.
You flicker back into view.
The adder barely misses you.
The orc priest invokes the aid of Beogh against you.
Beogh smites you! The adder barely misses you.
Found a twisted bronze wand.
A sleepcap comes into view.
There is an open door here.
The adder attacks as it pursues you! The adder completely misses you.
The adder closely misses you. The adder attacks as it pursues you!
The adder misses you.
Found 10 gold pieces.
The orc warrior attacks as it pursues you!
The orc warrior hits you from afar with a +0 glaive!
You see here a wand of light (9).
The sleepcap releases spores at you! The adder barely misses you.
The sleepcap attacks as it pursues you! The sleepcap releases spores at you!
* * * LOW HITPOINT WARNING * * *
You are engulfed in a cloud of soporific spores!
You fall asleep.
The sleepcap releases spores at you!!
You die...
Your body crumbles into a pile of gold.

>....# #.........
o....# #.............#
.o...# #.............#
.....# #.............#
...#######............#
.oo###..##............#
...o.....o..o.........#
...#.....#.....S.....#
...###..##...zofh...$#
#### #..##.........###
.....#.....#####
.....$+...###
..###+##.### .. ### ..
..


You could see an orc warrior, a sleepcap, a wight, an orc priest, an orc wizard
and an adder.

Vanquished Creatures
  Grinder (D:4)
  Sigmund (D:4)
  A centaur (D:5)
  A kobold brigand (D:4)
  A hound (D:4)
  An orc priest (D:4)
  2 orc wizards (D:5)
  Natasha (D:3)
  Robin (D:4)
  7 adders
  A worm (D:2)
  2 dart slugs
  6 orcs
  7 bats
  6 endoplasms
  5 giant cockroaches
  14 goblins
  9 hobgoblins
  14 kobolds
  8 quokkas
  4 ball pythons
  5 frilled lizards
  8 rats
106 creatures vanquished.

Vanquished Creatures (others)
  A scorpion (D:4)
1 creature vanquished.

Grand Total: 107 creatures vanquished

Notes
Turn   | Place    | Note
-------+----------+-------------------------------------------
     0 | D:1      | snailfarmer the Octopode Shapeshifter began the quest for
                  | the Orb.
     0 | D:1      | Reached XP level 1. HP: 13/13 MP: 1/1
   111 | D:1      | Reached skill level 1 in Stealth
   116 | D:1      | Reached XP level 2. HP: 11/18 MP: 2/2
   995 | D:1      | Reached XP level 3. HP: 10/23 MP: 3/3
  1381 | D:2      | Found a sacrificial altar of Ru.
  1419 | D:2      | Found a faded altar of an unknown god.
  1834 | D:2      | Reached skill level 4 in Shapeshifting
  1938 | D:2      | Reached XP level 4. HP: 28/28 MP: 4/4
  3657 | D:4      | Noticed Robin
  3658 | D:4      | Noticed Sigmund
  3747 | D:4      | Noticed Natasha
  3753 | D:4      | Noticed a scorpion
  3764 | D:3      | Killed Natasha
  3765 | D:3      | Reached XP level 5. HP: 25/33 MP: 5/5
  3925 | D:4      | Found Uhibricw's Antique Armour Emporium.
  3949 | D:4      | Noticed Grinder
  4172 | D:4      | Reached skill level 5 in Shapeshifting
  4222 | D:5      | Entered Level 5 of the Dungeon
  4268 | D:4      | Noticed a kobold brigand
  4455 | D:4      | Killed a kobold brigand
  4456 | D:4      | Reached XP level 6. HP: 29/38 MP: 6/6
  4618 | D:4      | Killed Robin
  4665 | D:4      | Killed Sigmund
  4666 | D:4      | Reached skill level 5 in Stealth
  4666 | D:4      | Reached skill level 6 in Shapeshifting
  4666 | D:4      | Reached XP level 7. HP: 8/43 MP: 7/7
  4939 | D:4      | Paralysed by Grinder for 2 turns
  4946 | D:4      | Killed Grinder
  4947 | D:4      | Reached skill level 7 in Shapeshifting
  5799 | D:5      | Found a staircase to the Ecumenical Temple.
  5815 | D:5      | Reached XP level 8. HP: 28/54 MP: 8/8
  6084 | Temple   | Entered the Ecumenical Temple
  6102 | Temple   | Became a worshipper of Gozag Ym Sagoz the Greedy
  6684 | D:6      | Mangled by a sleepcap

Illustrated notes

Levels and vault maps discovered:
D:1:      dpeg_arrival_boxorama, layout_basic
D:2:      layout_basic, ebering_ecumenical_altar_mist, basic_altar,
          serial_forest, infiniplex_forest_zigzag_1,
          infiniplex_forest_clump_large, infiniplex_forest_end_1,
          infiniplex_forest_clump_small, infiniplex_forest_zigzag_1,
          infiniplex_forest_side_room, infiniplex_forest_lined_2
D:3:      layout_basic, serial_park_tiny_1
D:4:      layout_gridville, serial_shops, shop, lexackson_kobold_supper,
          uniq_grinder, uniq_robin, uniq_sigmund, uniq_natasha
D:5:      layout_basic, minmay_temple_entry_tees, chequers_serial_rivers_micro_a
D:6:      minmay_skewed_foursquare, layout_gridville, cheibriados_altar_1,
          uniq_edmund
Temple:   nicolae_temple_bog_church

Skill      XL: |  1  2  3  4  5  6  7 |
---------------+----------------------+-----
Stealth        | 1 2 3 4 5 |  5.0
Shapeshifting  | 4 5 6 7 |  7.0
Fighting       | 3 |  3.9
Dodging        | |  2.0
Unarmed Combat | |  3.0

Action                     |  1- 3 |  4- 6 |  7- 9 || total
---------------------------+-------+-------+-------++-------
  Melee: Unarmed           |    84 |    19 |       ||   103
         Tentacles         |     8 |    20 |     5 ||    33
         Constrict         |    21 |    21 |     5 ||    47
         Dagger            |       |    78 |    29 ||   107
         Punch             |       |     2 |     2 ||     4
    Use: Scroll            |     3 |     9 |       ||    12
         Potion            |       |     1 |     6 ||     7
   Stab: Sleeping          |    15 |    10 |     1 ||    26
         Invisible         |       |       |     1 ||     1
 Armour: Skin              |    40 |    46 |    26 ||   112
  Dodge: Dodged            |    71 |    55 |    30 ||   156

Table legend: (Time is in decaauts)
 A = Elapsed time spent in this place.
 B = Non-inter-level travel time spent in this place.
 C = Inter-level travel time spent in this place.
 D = Time resting spent in this place.
 E = Time spent auto-exploring this place.
 F = Levels seen in this place.
 G = Mean time per level.
                   A        B        C        D        E       F      G
               +--------+--------+--------+--------+--------+-----+--------+
         Total |   6663 |   6251 |    412 |   2123 |   3009 |   7 |  951.9 |
       Dungeon |   6626 |   6250 |    376 |   2123 |   3009 |   6 | 1104.3 |
        Temple |     36 |      1 |     35 |      0 |      0 |   1 |   36.0 |
               +--------+--------+--------+--------+--------+-----+--------+

Top non-repeatable levels by time:
     D:4: 1516 daAuts
     D:3: 1474 daAuts
     D:1: 1308 daAuts
     D:2: 1289 daAuts
     D:5: 1008 daAuts
  Temple: 36 daAuts
     D:6: 28 daAuts
